 Dungeon Crawl Stone Soup version 0.15.1-1-gfacfea3 (webtiles) character file.

205 CrazyArbalest the Sneak (level 5, -10/25 HPs)
             Began as a Spriggan Enchanter on Sept 20, 2014.
             Mangled by an ogre
             ... wielding a +0 giant club
              (29 damage)
             ... on Level 3 of the Dungeon.
             The game lasted 00:17:24 (2790 turns).

CrazyArbalest the Sneak (Spriggan Enchanter)        Turns: 2790, Time: 00:17:25

HP -10/25        AC  4     Str  5      XL: 5   Next: 52%
MP  16/16        EV 21     Int 16      God:
Gold 151         SH  0     Dex 17      Spells:  2 memorised,  7 levels left

rFire  . . .     SeeInvis +     e - +4 whip
rCold  . . .     Clarity  .     b - +1 robe
rNeg   . . .     rCorr    .     (shield restricted)
rPois  .         rRot     .     (helmet restricted)
rElec  .         Spirit   .     s - +0 cloak
SustAb .         Warding  .     (gloves unavailable)
rMut   .         Stasis   .     (boots unavailable)
Gourm  .                        (no amulet)
MR     .....                    n - ring of stealth
                                l - ring of flight

@: very quick, not resistant to hostile enchantments, quite stealthy
A: unfitting armour, see invisible, herbivore 3, speed 3, slow metabolism 2
a: Evoke Flight


You were on level 3 of the Dungeon.
You were not hungry.

You visited 1 branch of the dungeon, and saw 3 of its levels.

You collected 151 gold pieces.

Inventory:

Hand weapons
 a - a +1 dagger
 e - a +4 whip (weapon)
 m - a +0 cutlass
 u - a +0 cutlass
Armour
 b - a +1 robe (worn)
 s - a +0 cloak (worn)
Magical devices
 p - a wand of polymorph (8)
 r - a wand of digging (8)
Comestibles
 t - a bread ration
Scrolls
 f - a scroll of noise {unknown}
 h - a scroll of enchant weapon {unknown}
 o - a scroll of remove curse {unknown}
 q - a scroll of identify {unknown}
 v - a scroll of teleportation {unknown}
 w - a scroll of amnesia {unknown}
Jewellery
 l - a ring of flight (left hand)
 n - a ring of stealth (right hand)
Potions
 d - a potion of porridge
 g - 2 potions of restore abilities {unknown}
 i - a potion of magic {unknown}
 j - a potion of degeneration {unknown}
 k - 3 potions of curing
 x - a potion of might {unknown}
Books
 c - a book of Maledictions

   Spells                             Type                      Level
   *Corona                            Hexes                        1
   *Sure Blade                        Hexes/Charms                 2
   Ensorcelled Hibernation            Hexes/Ice                    2
   Confuse                            Hexes                        3
   Dazzling Spray                     Conjuration/Hexes            3
   Enslavement                        Hexes                        4


   Skills:
 + Level 1.0 Fighting
 + Level 1.2 Short Blades
 + Level 5.5 Dodging
 + Level 6.8 Stealth
 + Level 3.1 Spellcasting
 + Level 4.2 Hexes
 + Level 0.8 Evocations


You had 7 spell levels left.
You knew the following spells:

 Your Spells              Type           Power        Failure   Level  Hunger
a - Corona                Hex            ###....      3%          1    None
b - Sure Blade            Hex/Chrm       #.........   14%         2    ##.....


Dungeon Overview and Level Annotations

Branches:
Dungeon (3/15)

Altars:
Yredelemnul

Annotations:
D:3 Charly's ghost, weakling MiBe


Innate Abilities, Weirdness & Mutations

You are tiny and cannot use many weapons and most armour.
You have supernaturally acute eyesight.
You are a herbivore.
You cover ground extremely quickly.
You need consume almost no food.


Message History

The ogre completely misses you.
You barely miss the ogre.
The ogre is moderately wounded.
The ogre completely misses you.
You hit the ogre.
The ogre is heavily wounded.
The ogre completely misses you.
You whack the ogre!
The ogre is severely wounded.
The ogre misses you.
You hit the ogre.
The ogre is severely wounded.
You hit the ogre.
The ogre is almost dead.
The ogre misses you.
You hit the ogre.
The ogre is almost dead.
The ogre hits you with a giant club!!
Ouch! That really hurt!
You die...

♣ ♣♣....♣♣♣♣ ♣♣
♣♣♣.....♣♣♣ .♣
♣♣♣♣....♣ ♣♣♣
♣♣♣..♣♣ ..♣♣ ♣♣..♣
♣♣ ♣..♣ ♣♣♣♣).♣♣
♣♣. ♣%♣♣ ♣)...♣♣
♣♣♣♣♣♣♣.♣ ♣♣.♣♣
♣♣♣...♣
♣♣♣♣♣♣......♣♣ ♣♣.♣
♣..@♣♣♣O..♣.♣♣♣♣♣♣♣
♣..♣♣ ♣♣..O...♣♣.♣♣
♣♣..♣♣♣ ♣♣♣♣♣♣♣♣♣♣♣
♣♣...♣ ♣♣♣W♣ ####
#.#
##################
...###.#
#.................
##'##..#
#.......##########
......## #.......#


You could see an ogre.

Vanquished Creatures
  An orc wizard (D:3)
  6 adders
  5 worms
  A giant gecko (D:1)
  4 orcs (D:3)
  3 ball pythons
  13 bats
  6 giant cockroaches
  7 goblins
  7 hobgoblins
  3 jackals (D:1)
  2 giant newts
  12 kobolds
  8 rats
78 creatures vanquished.

Vanquished Creatures (others)
  An orc wizard (D:3)
1 creature vanquished.

Grand Total: 79 creatures vanquished

Notes
Turn   | Place    | Note
--------------------------------------------------------------
     0 | D:1      | CrazyArbalest, the Spriggan Enchanter, began the quest for the Orb.
     0 | D:1      | Reached XP level 1. HP: 9/9 MP: 4/4
   180 | D:1      | Reached XP level 2. HP: 13/13 MP: 7/7
   315 | D:1      | Reached skill level 5 in Stealth
   844 | D:2      | Learned a level 2 spell: Sure Blade
   853 | D:2      | Reached XP level 3. HP: 14/16 MP: 11/11
  1204 | D:2      | Reached XP level 4. HP: 13/21 MP: 13/13
  1576 | D:2      | Reached skill level 6 in Stealth
  2049 | D:3      | Reached XP level 5. HP: 19/25 MP: 16/16
  2056 | D:3      | Noticed Charly's ghost (weakling MiBe)
  2237 | D:3      | Noticed an ogre
  2256 | D:3      | Reached skill level 5 in Dodging
  2512 | D:3      | Found a basalt altar of Yredelemnul.
  2612 | D:3      | HP: 1/25 [orc wizard/puff of flame (7)]
  2622 | D:3      | Reached skill level 1 in Fighting
  2790 | D:3      | Mangled by an ogre

Action                   |  1- 3 |  4- 6 || total
-------------------------+-------+-------++-------
Melee: Whip              |   123 |   123 ||   246
 Cast: Corona            |     3 |       ||     3
Evoke: Wand              |       |     4 ||     4
  Use: Potion            |       |     2 ||     2
 Stab: Sleeping          |    11 |    11 ||    22
       Distracted        |     1 |       ||     1
